Map: Kairos Junction LE

Players

Robbo - Winner!

  • Race: Protoss Protoss
  • League: Gold
  • Spawn Location: 5:00

TiPtOP

  • Race: Terran Terran
  • League: Silver
  • Spawn Location: 11:00

VOD

Have the link to the VOD?

Description

Time

  • Played on: Aug. 12, 2019, 11:19 p.m.
  • Length: 11:19
Show
View Real Time Build Order
Export as new Build Order

Robbo Protoss - Winner!

Build Orders: 1 Gate Expand, Double Forge 

Get SALT Encoding   

  12  0:02  Probe  
  13  0:19  Pylon  
  13  0:40  Gateway  
  13  1:18  Forge  
  13  1:20  Assimilator  
  13  1:31  Nexus  
  13  1:43  Probe  
  13  1:44  Zealot  
  16  1:51  Probe  
  17  2:03  Gateway  
  17  2:04  Probe  
  18  2:12  Probe  
  18  2:22  Forge  
  19  2:26  Probe  
  19  2:29  Pylon  
  20  2:43  Zealot  
  22  2:46  Assimilator  
  23  2:51  Probe  
  23  2:57  Assimilator  
  23  3:03  Zealot, Probe  
  26  3:13  Pylon  
  26  3:20  Protoss Ground Weapons Level 1  
  26  3:27  Probe  
  27  3:37  Zealot  
  27  3:39  Zealot, Probe  
  32  3:46  Protoss Ground Armor Level 1  
  32  3:58  Cybernetics Core  
  32  4:09  Pylon  
  32  4:13  Probe  
  32  4:21  Probe  
  32  4:23  Zealot, Probe  
  35  4:24  Zealot  
  35  4:29  Probe  
  39  4:31  Probe  
  41  4:48  Probe  
  42  4:52  Stalker  
  42  4:54  Stalker  
  46  5:01  Protoss Air Weapons Level 1  
  46  5:05  Twilight Council  
  46  5:15  Protoss Shields Level 1  
  46  5:20  Pylon  
  46  5:22  Stalker, Probe  
  46  5:24  Stalker  
  46  5:25  Protoss Ground Weapons Level 2  
  51  5:30  Probe  
  52  5:40  Probe, Assimilator  
  53  5:43  Probe  
  54  5:52  Probe  
  54  5:57  Stalker  
  57  6:00  Probe  
  58  6:09  Photon Cannon  
  58  6:21  Stalker, Photon Cannon  
  60  6:31  Stalker  
  62  6:48  Gateway  
  62  6:52  Stalker  
  62  6:53  Probe  
  65  7:05  Probe  
  66  7:17  Stalker, Stargate  
  68  7:26  Protoss Air Armor Level 1  
  68  7:28  Protoss Ground Armor Level 2  
  68  7:38  Stalker  
  70  7:47  Pylon  
  70  7:49  Pylon  
  70  8:05  Stalker x2, Probe  
  75  8:08  Stalker  
  75  8:17  Probe  
  66  8:29  Probe  
  67  8:41  Stalker x3, Probe  
  64  9:11  Stalker  
  66  9:37  Stalker x2  
  70  9:41  Stalker  
  70  9:58  Void Ray  
  70  10:07  Stalker x2  
  70  10:11  Stalker  
  72  10:35  Pylon  
  72  10:37  Stalker x2, Pylon  
  72  10:39  Photon Cannon  
  72  10:41  Stalker, Photon Cannon  
  72  10:42  Photon Cannon  
Show
View Real Time Build Order
Export as new Build Order

TiPtOP Terran 

Build Orders:  

Get SALT Encoding   

  12  0:00  SCV  
  13  0:13  SCV  
  14  0:23  Supply Depot  
  14  0:25  SCV  
  15  0:34  Refinery  
  15  0:45  SCV  
  15  0:47  Barracks  
  16  0:57  SCV  
  17  1:09  SCV  
  18  1:21  SCV  
  19  1:47  Barracks Reactor, Command Center  
  19  1:59  Supply Depot  
  19  2:06  SCV  
  19  2:07  Factory  
  20  2:45  Supply Depot  
  20  2:46  SCV  
  20  2:48  Refinery  
  20  2:50  Marine x2  
  23  2:55  Factory Tech Lab  
  23  2:57  Starport  
  23  2:59  SCV  
  23  3:02  SCV  
  25  3:11  SCV  
  26  3:16  Widow Mine  
  26  3:18  Barracks  
  26  3:19  Marine x2  
  30  3:23  SCV  
  31  3:32  Orbital Command  
  31  3:57  Fusion Core  
  31  4:08  Barracks Tech Lab  
  31  4:14  SCV  
  32  4:18  Supply Depot  
  32  4:19  SCV  
  33  4:26  SCV  
  33  4:31  SCV  
  35  4:34  Marine x2, Marauder  
  39  4:40  Supply Depot  
  39  4:46  Factory Reactor  
  45  4:53  Battlecruiser  
  45  5:09  Refinery  
  45  5:10  SCV x2  
  47  5:22  SCV, Supply Depot  
  48  5:43  SCV  
  48  5:44  SCV  
  50  5:52  Widow Mine x2  
  54  5:58  SCV  
  54  5:59  SCV  
  54  6:01  Battlecruiser  
  62  6:10  SCV  
  63  6:11  SCV  
  64  6:22  SCV  
  64  6:23  SCV  
  66  6:36  Starport  
  66  6:42  Supply Depot  
  66  7:10  Battlecruiser  
  72  7:16  SCV x2  
  72  7:21  Refinery  
  74  7:41  Marine x3  
  77  7:44  Starport Tech Lab  
  77  7:51  Supply Depot  
  77  7:59  Marauder  
  77  8:00  Armory  
  70  8:13  Supply Depot  
  66  8:21  Marauder  
  44  8:36  Supply Depot  
  39  8:47  Marine x2  
  39  8:48  Marine  
  27  8:57  Battlecruiser x2  
  39  9:05  Marine  
  38  9:14  Widow Mine  
  37  9:17  Marine  
  37  9:18  Marine  
  37  9:23  Marine  
  37  9:35  Marine x2  
  15  10:01  Battlecruiser  
  20  10:17  SCV  
  20  10:19  SCV  
  20  10:20  Supply Depot  
  22  10:29  SCV  
  22  10:31  SCV  
Tags
 
Add a new tag
Caveats
  • Supply blocks, unpowered buildings, or Contaminate may cause inaccurate times.
  • Supply counts are checked every 10 seconds.